 Dungeon Crawl Stone Soup version 0.31-a0-743-g45f7035092 (webtiles) character file.

Game seed: 3344063484150279185

122 gelatine the Firebug (level 4, -12/32 HPs)
             Began as a Demonspawn Fire Elementalist on Sept 12, 2023.
             Killed from afar by Ijyb (17 damage)
             ... with a bolt of dispelling energy
             ... on level 3 of the Dungeon.
             The game lasted 00:05:59 (2880 turns).

gelatine the Firebug (Demonspawn Fire Elementalist) Turns: 2880, Time: 00:06:00

Health: -12/32     AC:  2    Str:  9    XL:     4   Next: 78%
Magic:  1/7        EV: 15    Int: 18    God:
Gold:   124        SH:  0    Dex: 13    Spells: 5/8 levels left

rFire   . . .        k - +1 dagger (drain)
rCold   . . .        (no shield)
rNeg    . . .        a - +0 robe
rPois   .            (no helmet)
rElec   .            (no cloak)
rCorr   .            (no gloves)
SInv    .            (no boots)
Will    .....        (no amulet)
Stlth   ++           b - ring of flight
HPRegen 0.25/turn    (no ring)
MPRegen 0.10/turn

%: no passive effects
@: flying
A: claws 1, repulsion field 2
a: no special abilities


You were on level 3 of the Dungeon.
You visited 1 branch of the dungeon, and saw 3 of its levels.

You collected 124 gold pieces.

Inventory:

Hand Weapons
 k - a +1 dagger of draining (weapon)
 n - a +1 dagger of flaming
Armour
 a - a +0 robe (worn)
Jewellery
 b - a ring of flight (left claw)
Scrolls
 f - a scroll of identify {unknown}
 g - 2 scrolls of noise {unknown}
 h - 4 scrolls of teleportation {unknown}
 i - a scroll of fear {unknown}
 m - a scroll of acquirement {unknown}
Potions
 c - 2 potions of might {unknown}
 d - 3 potions of curing {unknown}
 e - a potion of heal wounds {unknown}
 j - a potion of enlightenment {unknown}
 l - a potion of attraction {unknown}


   Skills:
 * Level 1.3 Fighting
 + Level 0.3 Short Blades
 + Level 1.8 Dodging
 + Level 2.0 Stealth
 + Level 2.5 Spellcasting
 + Level 2.2 Conjurations
 * Level 3.8 Fire Magic


You had 5 spell levels left.
You knew the following spells:

 Your Spells              Type           Power      Damage    Failure   Level
a - Foxfire               Conj/Fire      52%        2x1d6     4%          1
b - Scorch                Fire           32%        2d6       5%          2

Your spell library contained the following spells:

 Spells                   Type           Power      Damage    Failure   Level
 Inner Flame              Hex/Fire       9%         N/A       24%         3
 Volatile Blastmotes      Fire/Tloc      18%        2d11      24%         3
 Ensorcelled Hibernation  Hex/Ice        4%         N/A       26%         2
 Passwall                 Tmut/Erth      1%         N/A       26%         2
 Flame Wave               Conj/Fire      13%        2d6       43%         4
 Ozocubu's Armour         Ice            2%         N/A       45%         3
 Swiftness                Air            2%         N/A       45%         3
 Ozocubu's Refrigeration  Ice            1%         4d7       100%        7


Dungeon Overview and Level Annotations

Branches:
Dungeon (3/15)

Altars:

Annotations:
D:3 Ijyb


Innate Abilities, Weirdness & Mutations

You have sharp fingernails.
You are surrounded by a moderate repulsion field. (EV +3)


Message History

Confirm with . or Enter, or press ? or * to list all spells.
You conjure some foxfire!
Ijyb closely misses you.
You closely miss Ijyb.
Ijyb is lightly wounded.
The foxfire hits Ijyb.
Ijyb is lightly wounded.
Ijyb closely misses you.
You hit Ijyb.
Ijyb is moderately wounded.
Ijyb completely misses you.
You hit Ijyb. You drain Ijyb.
Ijyb is heavily wounded.
Ijyb grins evilly.
Ijyb zaps a wand.
The bolt of dispelling energy hits you!
* * * LOW HITPOINT WARNING * * *
You closely miss Ijyb.
Ijyb is heavily wounded.
Ijyb hits you with a +0 club.
* * * LOW HITPOINT WARNING * * *
You hit Ijyb but do no damage.
Ijyb is heavily wounded.
Ijyb misses you.
You hit Ijyb but do no damage. You drain Ijyb.
Ijyb is severely wounded.
Ijyb zaps a wand.
The bolt of dispelling energy misses you.
You closely miss Ijyb.
Ijyb is severely wounded.
Ijyb misses you.
You hit Ijyb but do no damage.
Ijyb is severely wounded.
Ijyb closely misses you.
You hit Ijyb but do no damage. You drain Ijyb.
Ijyb is almost dead.
Ijyb closely misses you.
You barely miss Ijyb.
Ijyb is almost dead.
Ijyb zaps a wand.
The bolt of dispelling energy hits you!
Ouch! That really hurt!
You die...

#...........# #.#
#.#######().###.#
#.# #.......# #.#
#.#.##### #.#
#.#.# #.# #.#.#
#.# #.#.#
#.#######.#.#
#@g.....#.#.#
#######.#.#.#
#.#.#


You could see Ijyb (very drained).

Vanquished Creatures
  4 gnolls (D:3)
  4 adders
  4 worms (D:3)
  2 endoplasms
  A giant cockroach (D:2)
  2 goblins
  3 hobgoblins
  A quokka (D:2)
  4 ball pythons (D:2)
  3 bats
  2 frilled lizards
  9 kobolds
  3 rats
42 creatures vanquished.

Vanquished Creatures (others)
  157 foxfires
157 creatures vanquished.

Grand Total: 199 creatures vanquished

Notes
Turn   | Place    | Note
-------+----------+-------------------------------------------
     0 | D:1      | gelatine the Demonspawn Fire Elementalist began the quest
                  | for the Orb.
     0 | D:1      | Reached XP level 1. HP: 13/13 MP: 3/3
   878 | D:2      | Found a faded altar of an unknown god.
   970 | D:2      | Reached skill level 3 in Fire Magic
  1200 | D:2      | Gained mutation: You are surrounded by a mild repulsion
                  | field. (EV +2) [demonic ancestry]
  1200 | D:2      | Reached XP level 2. HP: 19/19 MP: 1/5
  1764 | D:2      | Gained mutation: You have sharp fingernails. [demonic
                  | ancestry]
  1764 | D:2      | Reached XP level 3. HP: 25/25 MP: 3/6
  1767 | D:2      | Learned a level 2 spell: Scorch
  2548 | D:3      | Gained mutation: You are surrounded by a moderate repulsion
                  | field. (EV +3) [demonic ancestry]
  2548 | D:3      | Reached XP level 4. HP: 31/31 MP: 3/7
  2729 | D:3      | Reached skill level 1 in Fighting
  2864 | D:3      | Noticed Ijyb
  2880 | D:3      | Killed from afar by Ijyb

Illustrated notes

Levels and vault maps discovered:
D:1:      minmay_arrival_stone_box, layout_basic, feat_on_display
D:2:      layout_loops_corners, chequers_ecumenical_altar_simple_redux
D:3:      layout_loops_ring, ebering_dispersal_statue_hall, nicolae_wormholes,
          uniq_ijyb

Skill      XL: |  1  2  3  4 |
---------------+-------------+-----
Fire Magic     | 3 |  3.8
Conjurations   | 2 |  2.2
Stealth        | 2 |  2.0
Fighting       | 1 |  1.3
Short Blades   | |  0.3
Dodging        | |  1.8
Spellcasting   | |  2.5

Action                     |  1- 3 |  4- 6 || total
---------------------------+-------+-------++-------
  Melee: Dagger            |    16 |    19 ||    35
         Unarmed           |     5 |       ||     5
         Punch             |       |     1 ||     1
   Cast: Foxfire           |    84 |    12 ||    96
         Scorch            |     1 |     6 ||     7
    Use: Potion            |     1 |       ||     1
 Armour: Robe              |    12 |     6 ||    18
  Dodge: Dodged            |     9 |    13 ||    22

Table legend: (Time is in decaauts)
 A = Elapsed time spent in this place.
 B = Non-inter-level travel time spent in this place.
 C = Inter-level travel time spent in this place.
 D = Time resting spent in this place.
 E = Time spent auto-exploring this place.
 F = Levels seen in this place.
 G = Mean time per level.
                   A        B        C        D        E       F      G
               +--------+--------+--------+--------+--------+-----+--------+
         Total |   2878 |   2813 |     65 |      0 |   2480 |   3 |  959.3 |
       Dungeon |   2878 |   2813 |     65 |      0 |   2480 |   3 |  959.3 |
               +--------+--------+--------+--------+--------+-----+--------+

Top non-repeatable levels by time:
     D:2: 1485 daAuts
     D:1: 862 daAuts
     D:3: 530 daAuts
